 Dungeon Crawl Stone Soup version 0.30.1-4-g462c640d31 (webtiles) character file.

Game seed: 1952842969345842789

8 growler the Trooper (level 2, 23/23 HPs)
             Began as a Demonspawn Gladiator on Aug 15, 2023.
             Quit the game on level 1 of the Dungeon.
             The game lasted 00:00:31 (337 turns).

growler the Trooper (Demonspawn Gladiator)           Turns: 337, Time: 00:00:31

Health: 23/23      AC:  3    Str: 14    XL:     2   Next: 0%
Magic:  2/2        EV: 12    Int:  9    God:
Gold:   57         SH:  0    Dex: 14    Spells: 1/1 levels left

rFire   . . .        a - +0 flail
rCold   . . .        (no shield)
rNeg    . . .        b - +0 leather armour
rPois   .            (helmet restricted)
rElec   .            (no cloak)
rCorr   .            (no gloves)
SInv    .            (no boots)
Will    .....        (no amulet)
Stlth   +            (no ring)
HPRegen 0.23/turn    (no ring)
MPRegen 0.08/turn

%: no passive effects
@: no status effects
A: horns 1
a: no special abilities


You were on level 1 of the Dungeon.
You visited 1 branch of the dungeon, and saw 1 of its levels.

You collected 57 gold pieces.

Inventory:

Hand Weapons
 a - a +0 flail (weapon)
Missiles
 d - 3 throwing nets (quivered)
 e - a javelin
Armour
 b - a +0 leather armour (worn)
 c - a +0 helmet
Scrolls
 f - a scroll of enchant armour {unknown}
Potions
 g - a potion of heal wounds {unknown}


   Skills:
 + Level 2.7 Fighting
 - Level 2.6 Maces & Flails
 - Level 1.7 Throwing
 - Level 2.6 Dodging


You had one spell level left.
You didn't know any spells.
Your spell library was empty.

Dungeon Overview and Level Annotations

Branches:
Dungeon (1/15)

Altars:


Innate Abilities, Weirdness & Mutations

You have a pair of small horns on your head.


Message History

Found a club.
You see here a +0 club.
A kobold comes into view. It is wielding a +0 dagger.
A kobold is nearby!
Found a coppery potion.
The kobold shouts!
The kobold throws a stone.
The stone closely misses you. The kobold misses you.
You hit the kobold.
The kobold is moderately wounded.
The kobold hits you but does no damage.
You barely miss the kobold.
The kobold is moderately wounded.
The kobold hits you with a +0 dagger.
You sock the kobold!
You kill the kobold!
No target in view!
Things that are here:
a +0 dagger; 5 stones; a kobold corpse
g - a coppery potion
Found a stone staircase leading down.
A frilled lizard comes into view.
The frilled lizard hisses angrily.
You hear a shout!
A goblin comes into view. It is wielding a +0 club.
There are monsters nearby!
A rat comes into view.
A giant cockroach comes into view.
The frilled lizard bites you but does no damage.
You sock the goblin!
You kill the goblin!
The rat twitches its whiskers.
The frilled lizard barely misses you.
You sock the frilled lizard!
You kill the frilled lizard!
A giant cockroach comes into view.
You have reached level 2!
Your demonic ancestry asserts itself...
A pair of horns grows on your head!
Your +0 helmet falls away!
Are you sure you want to abandon this character and quit the game? (Confirm with "yes".)

#.. ## #.. ... #.###.#
#.#...# ##.#.#.#
##############......#
.................r>.#B##
##############..@†B.....
# ##.....#... #
#......... # #.......#.
# #.......# # #.......#
# #.......# # #.......#
#


You could see 2 giant cockroaches and a rat.

Vanquished Creatures
  A giant cockroach (D:1)
  A goblin (D:1)
  A hobgoblin (D:1)
  A bat (D:1)
  2 frilled lizards (D:1)
  2 kobolds (D:1)
8 creatures vanquished.

Notes
Turn   | Place    | Note
-------+----------+-------------------------------------------
     0 | D:1      | growler the Demonspawn Gladiator began the quest for the
                  | Orb.
     0 | D:1      | Reached XP level 1. HP: 16/16 MP: 1/1
   337 | D:1      | Gained mutation: You have a pair of small horns on your
                  | head. [demonic ancestry]
   337 | D:1      | Reached XP level 2. HP: 23/23 MP: 2/2
   337 | D:1      | Quit the game

Illustrated notes

Levels and vault maps discovered:
D:1:      amcnicky_arrival_underground_garden, layout_basic,
          serial_corexii_hall, corexii_hall_statues_t,
          corexii_hall_statues_deadend, corexii_hall_statues_l,
          corexii_hall_statues_u, corexii_hall_statues_u,
          chequers_hall_statues_y, dreamdust_ecumenical_altar_statues,
          st_stairs_4, minmay_pentomino_o4

Action                     || total
---------------------------++-------
  Melee: Flail             ||    20
 Armour: Leather armour    ||     8
  Dodge: Dodged            ||    12
